 Dungeon Crawl Stone Soup version 0.14-a0-2119-ge69afc6 (webtiles) character file.

265 MirrMurr the Scratcher (level 4, 0/19 HPs)
             Began as a Felid Transmuter on Jan 27, 2014.
             Slain by a centaur skeleton (7 damage)
             ... on Level 4 of the Dungeon.
             The game lasted 00:11:01 (3715 turns).

MirrMurr the Scratcher (Felid Transmuter)           Turns: 3715, Time: 00:11:01

HP   0/19        AC  1     Str  7      XL: 4   Next: 80%
MP  10/10        EV 17     Int 14      God:
Gold 142         SH  0     Dex 16      Spells:  2 memorised,  3 levels left
Lives: 0, deaths: 1

rFire  . . .     SeeInvis +       - Unarmed
rCold  . . .     Clarity  .     (armour unavailable)
rNeg   . . .     Conserve .     (shield unavailable)
rPois  .         rCorr    .     (helmet unavailable)
rElec  .         rRot     .     (cloak unavailable)
SustAb . .       Spirit   .     (gloves unavailable)
rMut   .         Warding  .     (boots unavailable)
Saprov . . .     Stasis   .     (no amulet)
MR     .....                    (no ring)
                                (no ring)

@: drained, quick, not resistant to hostile enchantments, fairly stealthy
A: paw claws, no armour, no advanced items, fangs 3, see invisible, carnivore 3,
speed 1, shaggy fur 1, slow metabolism 1, jump 1
a: Jump Attack


You were on level 4 of the Dungeon.
You were not hungry.

You visited 1 branch of the dungeon, and saw 4 of its levels.

You collected 142 gold pieces.

Inventory:

Missiles
 b - 12 arrows
Comestibles
 a - 3 meat rations
 l - a cheese
Scrolls
 c - a scroll of fear {unknown}
 e - 2 scrolls of remove curse {unknown}
 g - 4 scrolls of identify
 h - a scroll of blinking {unknown}
 i - 2 scrolls of curse armour {unknown}
 k - a scroll of curse jewellery {unknown}
 n - a scroll of immolation {unknown}
Potions
 f - a potion of restore abilities {unknown}
 q - a potion of curing
Books
 d - a book of Changes

   Spells                             Type                      Level
   *Beastly Appendage                 Transmutation                1
   Sticks to Snakes                   Transmutation                2
   *Spider Form                       Transmutation/Poison         3
   Ice Form                           Ice/Transmutation            4
   Blade Hands                        Transmutation                5


   Skills:
 - Level 1.0(0.8) Fighting
 - Level 2.6(2.4) Dodging
 * Level 5.2(5.0) Unarmed Combat
 - Level 2.0(1.8) Spellcasting
 + Level 4.0(3.8) Transmutations


You had 3 spell levels left.
You knew the following spells:

 Your Spells              Type           Power        Failure   Level  Hunger
a - Beastly Appendage     Trmt           ##....       6%          1    ##.....
b - Spider Form           Trmt/Pois      #.........   38%         3    ####...


Dungeon Overview and Level Annotations

Branches:
Dungeon (4/16)
 Temple: D:4-7

Altars:
Elyvilon
Xom


Innate Abilities, Weirdness & Mutations

You cannot wear armour.
You are incapable of any advanced item manipulation.
Your paws have sharp claws.*
You have razor-sharp teeth.*
You have supernaturally acute eyesight.
You are carnivorous and can eat meat at any time.
You cover ground quickly.*
You are covered in fur (AC +1).*
You have a slow metabolism.
You can jump attack at a short distance.


Message History

There is a stone staircase leading down here.
You climb downwards.
Found three items.
There is a stone staircase leading up here.
Found a war axe.
h - a scroll labeled JICOGOETIF A goblin comes into view.
It is wielding a dagger.
A centaur skeleton comes into view.
The goblin shouts!
Found a stone staircase leading down.
The goblin completely misses you.
You claw the goblin!
You kill the goblin!
The centaur skeleton hits you.
Things that are here:
a dagger; a goblin corpse You scratch the centaur skeleton.
The centaur skeleton hits you.
You scratch the centaur skeleton. The centaur skeleton misses you.
You claw the centaur skeleton! The centaur skeleton hits you!
You die...

########..# ..........
#..!.....# #........#
#........#.#.
#######.......#.⌠.#
###....##.....Z..#
#............@...#
##.................#
....................#
......)................
.##.....##........>.#.
/. #.....######..##.##
..##.....######..# .#
...............#...
...##.##..####.#..


You could see a centaur skeleton.

Vanquished Creatures
  A wight (D:3)
  4 adders
  3 gnolls (D:3)
  2 worms
  7 orcs (D:3)
  5 giant cockroaches
  10 goblins
  5 hobgoblins
  A ball python (D:2)
  3 bats
  2 giant newts
  2 kobolds (D:2)
  13 rats
58 creatures vanquished.

Notes
Turn   | Place    | Note
--------------------------------------------------------------
     0 | D:1      | MirrMurr, the Felid Transmuter, began the quest for the Orb.
     0 | D:1      | Reached XP level 1. HP: 9/9 MP: 4/4
   863 | D:1      | Reached XP level 2. HP: 10/12 MP: 5/5
  1159 | D:2      | Found a white marble altar of Elyvilon.
  1290 | D:2      | Reached XP level 3. HP: 11/15 MP: 6/8
  1303 | D:2      | Learned a level 3 spell: Spider Form
  1375 | D:2      | Reached skill level 4 in Unarmed Combat
  1827 | D:2      | Reached XP level 4. HP: 19/19 MP: 10/10
  3140 | D:3      | Slain by a gnoll
  3141 | D:3      | Reached XP level 3. HP: -3/15 MP: 3/8
  3195 | D:3      | Reached XP level 4. HP: 13/19 MP: 6/10
  3259 | D:3      | Found a shimmering altar of Xom.
  3542 | D:3      | Reached skill level 5 in Unarmed Combat
  3715 | D:4      | Slain by a centaur skeleton

Action                   |  1- 3 |  4- 6 || total
-------------------------+-------+-------++-------
Melee: Unarmed           |   125 |    80 ||   205
 Cast: Beastly Appendage |     5 |     8 ||    13
       Spider Form       |     2 |     4 ||     6
 Abil: End Transformatio |       |     1 ||     1
  Use: Scroll            |     1 |     1 ||     2
       Potion            |     2 |       ||     2
 Stab: Sleeping          |     3 |     1 ||     4
